 Dungeon Crawl Stone Soup version 0.17.0-28-g6e173f8 (webtiles) character file.

2906 lorenzova the Destroyer (level 9, -1/45 HPs)
             Began as a Deep Elf Conjurer on Dec 2, 2015.
             Was a High Priest of Sif Muna.
             Killed from afar by a deep elf mage (22 damage)
             ... with a stone arrow
             ... on level 9 of the Dungeon.
             The game lasted 00:25:45 (8063 turns).

lorenzova the Destroyer (Deep Elf Conjurer)         Turns: 8063, Time: 00:25:45

Health: -1/45      AC: 12    Str:  5    XL:     9   Next: 49%
Magic:  1/25       EV: 13    Int: 24    God:    Sif Muna [*****.]
Gold:   297        SH:  0    Dex: 15    Spells: 4 memorised, 15 levels left

rFire  . . .     SeeInvis .     M - +0 dagger (protect)
rCold  . . .     Clarity  .     a - +0 robe
rNeg   . . .     SustAt   +     (no shield)
rPois  .         Gourm    .     r - +0 helmet
rElec  .         Spirit   .     j - +2 cloak
rCorr  .         Warding  .     (no gloves)
rMut   .         Stasis   .     l - +0 pair of boots
MR     .....                    (no amulet)
Stlth  ++........               (no ring)
                                x - ring of sustain attributes

@: not resistant to hostile enchantments, unstealthy
A: no striking features
a: Channel Energy, Forget Spell, Renounce Religion


You were on level 9 of the Dungeon.
You worshipped Sif Muna.
Sif Muna was extremely pleased with you.
You were not hungry.

You visited 1 branch of the dungeon, and saw 8 of its levels.

You collected 297 gold pieces.

Inventory:

Hand Weapons
 z - a +2 dagger of freezing
 B - a +3 quarterstaff of chaos
 E - the +3 short sword of Purpose {vamp, Str+3 Dex+3}
   (You found it on level 4 of the Dungeon)

   It inflicts no extra harm, but heals its wielder somewhat when it strikes a
   living foe.
   It affects your strength (+3).
   It affects your dexterity (+3).
 M - a +0 dagger of protection (weapon)
Armour
 a - a +0 robe (worn)
 j - a +2 cloak (worn)
 l - a +0 pair of boots (worn)
 r - a +0 helmet (worn)
Jewellery
 x - a ring of sustain attributes (left hand)
Wands
 I - a wand of digging (8)
Scrolls
 e - a scroll of magic mapping
 f - 7 scrolls of identify
 k - a scroll of fear {unknown}
 m - a scroll of random uselessness {unknown}
 n - 6 scrolls of remove curse
 o - 2 scrolls of enchant armour {unknown}
 t - 2 scrolls of blinking {unknown}
 w - a scroll of enchant weapon {unknown}
 y - 2 scrolls of noise {unknown}
 D - a scroll of fog {unknown}
 K - a scroll of teleportation {unknown}
Potions
 g - 4 potions of curing {unknown}
 h - 5 potions of brilliance {unknown}
 i - 3 potions of ambrosia {unknown}
 q - a potion of magic {unknown}
 s - a potion of poison {unknown}
 v - a potion of agility {unknown}
 A - a potion of flight {unknown}
 F - a potion of heal wounds {unknown}
 G - a potion of lignification {unknown}
 H - a potion of haste {unknown}
 J - a potion of mutation {unknown}
Books
 b - a book of Conjurations

   Spells                             Type                      Level
   a - Magic Dart                     Conjuration                  1
   b - Searing Ray                    Conjuration                  2
   c - Dazzling Spray                 Conjuration/Hexes            3
   d - Fulminant Prism                Conjuration/Hexes            4
   e - Iskenderun's Mystic Blast      Conjuration                  4
   f - Iskenderun's Battlesphere      Conjuration/Charms           5
Comestibles
 c - 7 bread rations
 d - 5 fruits
 p - 6 meat rations
 u - 9 slices of pizza
 C - 3 beef jerkies


   Skills:
 - Level 2.4 Dodging
 - Level 2.4 Stealth
 + Level 10.1 Spellcasting
 * Level 12.3 Conjurations


You had 15 spell levels left.
You knew the following spells:

 Your Spells              Type           Power        Failure   Level  Hunger
a - Magic Dart            Conj           ####         1%          1    None
b - Dazzling Spray        Conj/Hex       #####...     1%          3    None
c - Iskenderun's Battles  Conj/Chrm      #####...     14%         5    ####...
x - Iskenderun's Mystic   Conj           ######..     1%          4    #......


Dungeon Overview and Level Annotations

Branches:
Dungeon (9/15)             Temple (0/1) D:4
   Lair: D:8-11         Orc: D:9-12

Altars:
Dithmenos
Fedhas
Sif Muna
Vehumet


Message History

The wyvern is severely wounded.
The wyvern closely misses you.
The wyvern bites you but does no damage.
A giant frog comes into view.
A deep elf mage comes into view. It is wielding a dagger.
The deep elf mage points at you and mumbles some strange words.
The stone arrow misses you.
The deep elf mage hits you but does no damage.
The wyvern hisses menacingly.
The wyvern bites you but does no damage.
There is an open door here.
Drink which item? (? for menu, Esc to quit)
Okay, then.
Read which item? (? for menu, Esc to quit)
As you read the scroll labeled ABE TAREWIDGHU, it crumbles to dust.
You feel aware of your surroundings.
It was a scroll of magic mapping.
The wyvern completely misses you.
The deep elf mage points at you and mumbles some strange words.
The stone arrow hits you!
You die...

*******'** **,,,* **..***
########### *..#* ##.........#
#####'####** ...........#
#.!.......,* .#.........####
#.........,******
.#...........<###.F.......,',,,,>
.#...<.....##..e@.........,******
##.........######l........,* *
#.........# #.........,* *
########.## ##'######*** * #...#
#..## * #.### ##..### * #.#
##...# * ###.#### ######'########
#...)..# #.............#


You could see a wyvern, a deep elf mage and a giant frog.

Vanquished Creatures
  A hog (D:9)
  A human (D:9)
  A soldier ant (D:5)
  A phantom (D:4)
  3 sky beasts
  3 orc warriors
  A centaur (D:4)
  3 ogres
  The ghost of emiel the Digger, an amateur FoEE (D:4)
  A big kobold (D:9)
  4 giant frogs
  A wyvern zombie (D:9)
  3 scorpions
  A crimson imp (D:6)
  A wight (D:9)
  4 hounds (D:4)
  2 jellies
  Crazy Yiuf (D:4)
  3 orc priests
  A giant frog skeleton (D:4)
  2 iguanas
  5 orc wizards
  3 sheep (D:9)
  A worker ant (D:9)
  2 hound zombies
  Robin (D:2)
  6 adders
  A gnoll (D:8)
  3 adder skeletons
  An adder zombie (D:6)
  4 worms
  2 giant geckos
  24 orcs
  A ball python (D:4)
  5 bats
  6 giant cockroaches
  6 hobgoblins (D:1)
  8 jackals
  6 kobolds
  A quokka (D:6)
  A giant gecko skeleton (D:5)
  2 giant newts
  13 goblins
  4 rats
145 creatures vanquished.

Vanquished Creatures (others)
  A fungus (D:9)
1 creature vanquished.

Grand Total: 146 creatures vanquished

Notes
Turn   | Place    | Note
--------------------------------------------------------------
     0 | D:1      | lorenzova the Deep Elf Conjurer began the quest for the Orb.
     0 | D:1      | Reached XP level 1. HP: 10/10 MP: 6/6
   203 | D:1      | Reached XP level 2. HP: 15/15 MP: 0/8
   502 | D:1      | Reached skill level 5 in Conjurations
  1413 | D:2      | Reached XP level 3. HP: 19/19 MP: 7/10
  1418 | D:2      | Learned a level 3 spell: Dazzling Spray
  1420 | D:2      | Noticed Robin
  1747 | D:2      | Killed Robin
  1963 | D:2      | Found a deep blue altar of Sif Muna.
  2095 | D:2      | Became a worshipper of Sif Muna the Loreminder
  2470 | D:3      | Reached XP level 4. HP: 24/24 MP: 4/11
  2526 | D:3      | Learned a level 4 spell: Iskenderun's Mystic Blast
  3120 | D:4      | Found a staircase to the Ecumenical Temple.
  3144 | D:4      | Noticed a centaur
  3164 | D:4      | Noticed a phantom
  3170 | D:4      | Noticed emiel's ghost (amateur FoEE)
  3371 | D:4      | Reached skill level 6 in Conjurations
  3511 | D:4      | Reached XP level 5. HP: 28/28 MP: 5/13
  3724 | D:4      | Killed emiel's ghost
  3724 | D:4      | Reached skill level 5 in Spellcasting
  3724 | D:4      | Reached skill level 7 in Conjurations
  3724 | D:4      | Reached XP level 6. HP: 24/32 MP: 0/15
  3729 | D:4      | Noticed an ogre
  3861 | D:4      | Found a shadowy altar of Dithmenos.
  3876 | D:4      | Killed a phantom
  3876 | D:4      | Reached * piety under Sif Muna
  3931 | D:4      | Killed an ogre
  4002 | D:4      | Reached skill level 8 in Conjurations
  4146 | D:4      | Killed a centaur
  4146 | D:4      | Reached XP level 7. HP: 28/36 MP: 7/18
  4286 | D:4      | Got a polished short sword
  4292 | D:4      | Identified the +3 short sword of Purpose {vamp, Str+3 Dex+3} (You found it on level 4 of the Dungeon)
  4461 | D:4      | Reached ** piety under Sif Muna
  4800 | D:4      | Noticed Crazy Yiuf
  4804 | D:4      | Killed Crazy Yiuf
  4804 | D:4      | Reached skill level 9 in Conjurations
  4969 | D:5      | Entered Level 5 of the Dungeon
  5039 | D:5      | Reached XP level 8. HP: 39/41 MP: 4/21
  5423 | D:5      | Reached skill level 10 in Conjurations
  5863 | D:6      | Reached *** piety under Sif Muna
  5975 | D:6      | Found a radiant altar of Vehumet.
  6114 | D:6      | Found a blossoming altar of Fedhas.
  6283 | D:6      | You fall through a shaft for 3 floors!
  6329 | D:9      | Reached skill level 11 in Conjurations
  6331 | D:9      | Reached **** piety under Sif Muna
  6814 | D:9      | Reached XP level 9. HP: 45/45 MP: 12/24
  7401 | D:9      | Learned a level 5 spell: Iskenderun's Battlesphere
  7485 | D:8      | Reached skill level 12 in Conjurations
  7572 | D:9      | Reached ***** piety under Sif Muna
  7901 | D:9      | Reached skill level 10 in Spellcasting
  8063 | D:9      | Killed from afar by a deep elf mage

Action                   |  1- 3 |  4- 6 |  7- 9 || total
-------------------------+-------+-------+-------++-------
Melee: Dagger            |     5 |    16 |    38 ||    59
       Quarterstaff      |       |       |    11 ||    11
 Cast: Magic Dart        |    83 |    77 |   243 ||   403
       Dazzling Spray    |     2 |     4 |    20 ||    26
       Iskenderun's Myst |       |     4 |    33 ||    37
  Use: Scroll            |       |       |     3 ||     3
 Stab: Invisible         |       |       |     1 ||     1
  Eat: Chunk             |     4 |     7 |    11 ||    22
       Royal jelly       |       |       |     1 ||     1
